 Dungeon Crawl Stone Soup version 0.26.1-2-gb8aa6d0cf2 (console) character file.

Game seed: 18179049741862250166

927 om the Ruffian (level 7, -1/61 HPs)
             Began as a Troll Transmuter on Mar 1, 2021.
             Slain by a gnoll
             ... wielding a +0 whip
              (3 damage)
             ... on level 5 of the Dungeon.
             The game lasted 00:05:30 (3108 turns).

om the Ruffian (Troll Transmuter)                   Turns: 3108, Time: 00:05:31

Health: -1/61      AC:  6    Str: 19    XL:     7   Next: 85%
Magic:  10/11      EV:  5    Int: 11    God:
Gold:   189        SH:  0    Dex: 10    Spells: 11/12 levels left

rFire    . . .     SeeInvis +     - Unarmed
rCold    . . .     Faith    .   (no shield)
rNeg     . . .     Spirit   .   a - +0 robe
rPois    .         Reflect  .   (helmet currently unavailable)
rElec    .         Harm     .   (no cloak)
rCorr    .         Rampage  .   (gloves unavailable)
Will     +....                  (boots unavailable)
Stlth    +.........             l - amulet of the acrobat
HPRegen  0.60/turn              e - ring of willpower
MPRegen  0.12/turn              c - ring of see invisible

@: appendages, held
A: large, unfitting armour, claws 3, horns 2, talons 2, regeneration 1, shaggy
fur 1, tough skin 3
a: End Transformation


You were on level 5 of the Dungeon.
You had grown temporary horns.
You had grown temporary talons.
You visited 1 branch of the dungeon, and saw 5 of its levels.

You collected 189 gold pieces.

Inventory:

Armour
 a - a +0 robe (worn)
Jewellery
 c - a ring of see invisible (right claw)
 e - a ring of willpower (left claw)
 l - an amulet of the acrobat (around neck)
Wands
 q - a wand of iceblast (11)
Scrolls
 d - a scroll of fog {unknown}
 f - a scroll of noise {unknown}
 h - a scroll of enchant weapon {unknown}
 j - 2 scrolls of teleportation {unknown}
 n - a scroll of fear {unknown}
 o - a scroll of magic mapping {unknown}
 r - a scroll of blinking {unknown}
Potions
 b - 2 potions of cancellation
 g - a potion of ambrosia {unknown}
 i - a potion of magic {unknown}
 k - a potion of lignification {unknown}
 m - a potion of curing
 p - a potion of flight {unknown}


   Skills:
 - Level 0.7 Fighting
 + Level 3.2 Dodging
 - Level 5.0 Unarmed Combat
 * Level 3.4 Spellcasting
 * Level 4.1 Transmutations


You had 11 spell levels left.
You knew the following spells:

 Your Spells              Type           Power        Failure   Level
a - Beastly Appendage     Tmut           20%          4%          1

Your spell library contained the following spells:

 Spells                   Type           Power        Failure   Level
 Wereblood                Tmut           10%          7%          2
 Spider Form              Tmut/Pois      3%           32%         3
 Ice Form                 Ice/Tmut       6%           73%         4
 Blade Hands              Tmut           5%           78%         5


Dungeon Overview and Level Annotations

Branches:
Dungeon (5/15)
 Temple: D:4-7

Altars:
Trog
The Shining One


Innate Abilities, Weirdness & Mutations

You are too large for most types of armour.
You have claws for hands.
Your natural rate of healing is unusually fast.
You are covered in fur. (AC +1)
You have extremely tough skin. (AC +3)
You have a pair of horns on your head.
You have razor-sharp toenails.


Message History

You closely miss the gnoll. The gnoll barely misses you. x2
You are too injured to fight recklessly!
You scratch the gnoll but do no damage. The gnoll hits you with a +0 whip.
* * * LOW HITPOINT WARNING * * *
You scratch the gnoll.
The gnoll is heavily wounded.
The gnoll barely misses you. The gnoll hits you with a +0 whip!
* * * LOW HITPOINT WARNING * * *
The gnoll throws a throwing net.
The throwing net hits you.
You become entangled in the net!
You see here a throwing net.
You feel better.
Casting: Beastly Appendage (safe; 4% risk of failure)
Press: ? - help, Q - select action, (/) - cycle Dir - look around, f - activate You grow a pair of large bovine horns.
Your feet morph into talons.
The gnoll hits you from afar with a +0 halberd.
* * * LOW HITPOINT WARNING * * *
The gnoll hits you with a +0 whip.
* * * LOW HITPOINT WARNING * * *
You struggle against the net.
The gnoll closely misses you. The gnoll hits you with a +0 whip.
You die...

### ##....##...
.#...#....###... ...#..
.....#.......... ...#.
#.....##...... ....
#.##..........
...#####.###......... #
........###...#.....
..#.##. #................
.......####..............
#gg.)...$...........
#..@)...............
#...................
#.........(....[......
.........##.#.........>.
##.#......####..........
###......# #....###...
#....... ..... ##..
#....##.. #.. #.. ### #


You could see 2 gnolls.

Vanquished Creatures
  Grinder (D:4)
  Eustachio (D:4)
  A sky beast (D:5)
  An ogre (D:4)
  A scorpion (D:4)
  2 orc priests (D:4)
  A hound (D:3)
  A gnoll shaman (D:5)
  2 orc wizards (D:4)
  A centaur skeleton (D:4)
  A worker ant (D:4)
  3 gnolls (D:5)
  3 adders
  An ooze (D:2)
  2 worms
  2 leopard geckos
  5 orcs
  5 bats
  3 giant cockroaches
  10 goblins
  7 hobgoblins
  11 jackals
  2 quokkas
  3 frilled lizards
  A jackal skeleton (D:4)
  8 kobolds
  6 rats
85 creatures vanquished.

Notes
Turn   | Place    | Note
-------+----------+-------------------------------------------
     0 | D:1      | om the Troll Transmuter began the quest for the Orb.
     0 | D:1      | Reached XP level 1. HP: 18/18 MP: 1/1
   205 | D:1      | Reached XP level 2. HP: 26/26 MP: 0/3
   612 | D:1      | Reached XP level 3. HP: 32/32 MP: 4/4
   936 | D:2      | Found a glowing golden altar of the Shining One.
  1674 | D:3      | Reached XP level 4. HP: 34/40 MP: 3/5
  2035 | D:3      | Found a bloodstained altar of Trog.
  2165 | D:4      | Noticed Grinder
  2245 | D:4      | Killed Grinder
  2246 | D:4      | Reached skill level 4 in Unarmed Combat
  2246 | D:4      | Reached XP level 5. HP: 29/46 MP: 7/7
  2246 | D:4      | Reached XP level 6. HP: 34/54 MP: 8/8
  2369 | D:4      | Noticed Eustachio
  2399 | D:4      | Killed Eustachio
  2418 | D:4      | Reached skill level 5 in Unarmed Combat
  2418 | D:4      | Reached XP level 7. HP: 29/61 MP: 8/10
  3016 | D:5      | Entered Level 5 of the Dungeon
  3104 | D:5      | HP: 3/61 [gnoll/+0 whip (8)]
  3107 | D:5      | HP: 1/61 [gnoll/+0 whip (3)]
  3108 | D:5      | Slain by a gnoll

Illustrated notes

Levels and vault maps discovered:
D:1:      dpeg_arrival_snail, layout_loops_ring, minmay_misc_feat_chi
D:2:      layout_loops_ring, tso_metal_star
D:3:      layout_basic, grunt_ministairs_13, bloody_trog
D:4:      layout_rooms, wad_floor_pattern_untrapped, palyth_stone_intersect,
          uniq_eustachio, uniq_grinder
D:5:      layout_cave_pools, minitemple, ebering_ghost_reflecting_pool,
          lightli_sewer_entry_pipes

Skill      XL: |  1  2  3  4  5  6  7 |
---------------+----------------------+-----
Transmutations | 2 3 4 |  4.1
Spellcasting   | 2 3 |  3.4
Dodging        | 2 3 |  3.2
Unarmed Combat | 4 5 |  5.0
Fighting       | |  0.7

Action                   |  1- 3 |  4- 6 |  7- 9 || total
-------------------------+-------+-------+-------++-------
Melee: Unarmed           |    89 |    86 |    50 ||   225
       Kick              |     6 |     8 |    11 ||    25
       Punch             |     2 |       |     1 ||     3
       Headbutt          |     4 |     1 |     7 ||    12
 Cast: Beastly Appendage |    20 |     9 |     7 ||    36
  Use: Scroll            |       |     3 |       ||     3
       Potion            |       |       |     2 ||     2
Armor: Robe              |    32 |    32 |     6 ||    70
Dodge: Dodged            |    39 |    95 |    33 ||   167
